 Dungeon Crawl Stone Soup version 0.17-b1-15-g0f5fb43 (webtiles) character file.

322 tp1 the Firebug (level 6, -3/32 HPs)
             Began as a Deep Elf Fire Elementalist on Nov 2, 2015.
             Slain by an orc warrior
             ... wielding a +0 dire flail
              (19 damage)
             ... on level 3 of the Dungeon.
             The game lasted 00:22:03 (3852 turns).

tp1 the Firebug (Deep Elf Fire Elementalist)        Turns: 3852, Time: 00:22:03

Health: -3/32      AC:  4    Str:  7    XL:     6   Next: 22%
Magic:  12/12      EV: 13    Int: 22    God:
Gold:   168        SH:  0    Dex: 15    Spells: 3 memorised, 4 levels left

rFire  + . .     SeeInvis .     s - +1 short sword (drain)
rCold  . . .     Clarity  .     u - +0 robe
rNeg   . . .     SustAt   .     (no shield)
rPois  +         Gourm    .     (no helmet)
rElec  .         Spirit   .     d - +1 cloak
rCorr  .         Warding  .     (no gloves)
rMut   .         Stasis   .     (no boots)
MR     .....                    (no amulet)
Stlth  +++.......               (no ring)
                                r - ring of stealth

@: not resistant to hostile enchantments, fairly stealthy
A: fire resistance 1, poison resistance, strong 1
a: no special abilities


You were on level 3 of the Dungeon.
You were hungry.

You visited 1 branch of the dungeon, and saw 4 of its levels.

You collected 168 gold pieces.

Inventory:

Hand Weapons
 e - a +2 dagger of speed
 s - a +1 short sword of draining (weapon)
Armour
 a - a +0 robe
 d - a +1 cloak (worn)
 u - a +0 robe (worn)
Jewellery
 r - a ring of stealth (left hand)
Scrolls
 f - a scroll of enchant armour
 h - 3 scrolls of remove curse
 j - a scroll of magic mapping
 l - 5 scrolls of identify
 n - a scroll of immolation
Potions
 z - a potion of cure mutation
Books
 b - a book of Flames

   Spells                             Type                      Level
   a - Flame Tongue                   Conjuration/Fire             1
   b - Throw Flame                    Conjuration/Fire             2
   c - Conjure Flame                  Conjuration/Fire             3
   d - Inner Flame                    Hexes/Fire                   3
   e - Sticky Flame                   Conjuration/Fire             4
   f - Fireball                       Conjuration/Fire             5
Comestibles
 c - 4 bread rations
 g - 2 meat rations
 m - 2 beef jerkies
 p - a fruit
 t - a royal jelly


   Skills:
 - Level 2.4 Dodging
 - Level 2.4 Stealth
 - Level 3.0 Spellcasting
 - Level 5.1 Conjurations
 + Level 5.7 Fire Magic


You had 4 spell levels left.
You knew the following spells:

 Your Spells              Type           Power        Failure   Level  Hunger
a - Flame Tongue          Conj/Fire      ####.        1%          1    None
b - Conjure Flame         Conj/Fire      ####....     4%          3    ###....
c - Inner Flame           Hex/Fire       ###.....     12%         3    ###....


Dungeon Overview and Level Annotations

Branches:
Dungeon (4/15)
 Temple: D:4-7

Altars:
Gozag


Innate Abilities, Weirdness & Mutations

Your flesh is heat resistant.
Your system is resistant to poisons.
Your muscles are strong. (Str +2)


Message History

Press: ? - help, Dir - move target cursor You miscast Conjure Flame.
You are very lightly contaminated with residual magic.
Nothing appears to happen.
The orc warrior shouts!
You hear a shout!
Things that are here:
a dagger; a leather armour; an orc skeleton An adder comes into view.
Found a ring mail.
Found 6 gold pieces.
Your magical contamination has completely faded away.
There is a stone staircase leading up here.
The orc warrior hits you with a dire flail!
Ouch! That really hurt!
You climb upwards.
There is a stone staircase leading down here.
You are feeling hungry.
The orc warrior hits you with a dire flail!!
Ouch! That really hurt!
You die...

#................#
#..<.............# ####
#................# ...#
#................# ## ...#
#................# #. ...#
#................# #. ...#
##..............## #. ...#
##.....#..o>..## #. ...#
#######.@....# #. ...#
#.#....# ## ...# #####
#.#....# ######## ...#
##...####.##########.......
####
##..........#..8#.....######
##.............._#.##### ##
#............#..8#...(.#####.
#.......###.######.......##..
##.......##..##...........###.


You could see an orc warrior.

Vanquished Creatures
  An orc priest (D:4)
  Jessica (D:2)
  Terence (D:2)
  4 worker ants (D:4)
  3 adders
  3 gnolls (D:3)
  An ooze (D:2)
  4 worms
  5 giant geckos
  2 orcs
  4 bats
  2 giant cockroaches
  9 goblins
  5 hobgoblins
  9 jackals
  10 kobolds
  A ball python (D:2)
  A giant newt (D:1)
  9 rats
75 creatures vanquished.

Vanquished Creatures (others)
  A giant cockroach (D:1)
1 creature vanquished.

Grand Total: 76 creatures vanquished

Notes
Turn   | Place    | Note
--------------------------------------------------------------
     0 | D:1      | tp1 the Deep Elf Fire Elementalist began the quest for the Orb.
     0 | D:1      | Reached XP level 1. HP: 10/10 MP: 6/6
   400 | D:1      | Reached XP level 2. HP: 15/15 MP: 5/8
   800 | D:1      | Reached XP level 3. HP: 15/19 MP: 1/9
  1324 | D:2      | Reached skill level 4 in Conjurations
  1355 | D:2      | Noticed Terence
  1364 | D:2      | Learned a level 3 spell: Conjure Flame
  1368 | D:2      | Learned a level 3 spell: Inner Flame
  1394 | D:2      | Killed Terence
  1394 | D:2      | Reached XP level 4. HP: 24/24 MP: 0/10
  1506 | D:2      | Noticed Jessica
  1527 | D:2      | Killed Jessica
  1527 | D:2      | Reached skill level 5 in Conjurations
  2657 | D:3      | Found an opulent altar of Gozag.
  2686 | D:3      | Reached XP level 5. HP: 28/28 MP: 7/11
  2772 | D:3      | Gained mutation: Your flesh is heat resistant. [potion of mutation]
  2772 | D:3      | Gained mutation: Your system is resistant to poisons. [potion of mutation]
  2772 | D:3      | Gained mutation: Your muscles are strong. (Str +2) [potion of mutation]
  3486 | D:4      | Reached skill level 5 in Fire Magic
  3489 | D:4      | Noticed an orc warrior
  3556 | D:4      | Reached XP level 6. HP: 24/32 MP: 1/12
  3852 | D:3      | Slain by an orc warrior

Action                   |  1- 3 |  4- 6 || total
-------------------------+-------+-------++-------
Melee: Whip              |    17 |       ||    17
       Unarmed           |     5 |       ||     5
       Short sword       |       |    22 ||    22
 Cast: Flame Tongue      |    59 |    77 ||   136
       Conjure Flame     |     1 |     3 ||     4
       Inner Flame       |       |     1 ||     1
  Use: Scroll            |     3 |     3 ||     6
       Potion            |       |    11 ||    11
  Eat: Chunk             |     1 |     8 ||     9
